 Dungeon Crawl Stone Soup version 0.26.0-16-gc1dbca0489 (webtiles) character file.

Game seed: 15450014181467889110

4046 Gnirx the Basher (level 10, 0/86 HPs)
             Began as a Minotaur Berserker on Jan 17, 2021.
             Was a High Priest of Trog.
             Slain by an eight-headed hydra (4 damage)
             ... on level 8 of the Dungeon.
             The game lasted 00:11:56 (8662 turns).

Gnirx the Basher (Minotaur Berserker)               Turns: 8662, Time: 00:11:57

Health: 0/86       AC: 15    Str: 26    XL:     10   Next: 4%
Magic:  9/9        EV:  9    Int:  4    God:    Trog [*****.]
Gold:   504        SH:  0    Dex:  9    Spells: 9/9 levels left

rFire    . . .     SeeInvis .   a - +1 flail
rCold    . . .     Faith    .   (no shield)
rNeg     . . .     Spirit   .   z - +0 plate armour
rPois    .         Reflect  .   (helmet restricted)
rElec    .         Harm     .   y - +0 cloak
rCorr    .         Rampage  .   (no gloves)
Will     .....                  (no boots)
Stlth    ..........             (no amulet)
HPRegen  0.24/turn              (no ring)
MPRegen  0.11/turn              (no ring)

@: berserk cooldown, slowed, very slow
A: retaliatory headbutt, horns 2
a: Renounce Religion, Berserk, Trog's Hand, Brothers in Arms


You were on level 8 of the Dungeon.
You worshipped Trog.
Trog was extremely pleased with you.
You visited 1 branch of the dungeon, and saw 8 of its levels.

You collected 504 gold pieces.

Inventory:

Hand Weapons
 a - a +1 flail (weapon)
 b - a +0 shortbow
 l - a +0 mace
Missiles
 g - 126 arrows
Armour
 d - a +1 chain mail
 p - a cursed +0 cloak
 u - a +0 animal skin
 y - a +0 cloak (worn)
 z - a +0 plate armour (worn)
Wands
 n - a wand of flame (35)
 q - a wand of enslavement (5)
 r - a wand of iceblast (6)
 B - a wand of disintegration (19)
Scrolls
 m - 2 scrolls of identify
 o - 2 scrolls of enchant armour
 s - 3 scrolls of teleportation
 x - 3 scrolls of remove curse {unknown}
 A - a scroll of fear
 C - a scroll of fog
Potions
 c - 5 potions of brilliance
 e - 5 potions of flight
 f - a potion of might
 h - 2 potions of haste
 i - 2 potions of degeneration
 j - a potion of magic {unknown}
 k - 3 potions of heal wounds
 t - 3 potions of attraction {unknown}
 v - a potion of berserk rage {unknown}
 w - 2 potions of curing {unknown}


   Skills:
 + Level 7.5 Fighting
 * Level 13.3 Maces & Flails
 + Level 8.5 Armour
 + Level 3.7 Dodging


You had 9 spell levels left.
You didn't know any spells.
Your spell library was empty.

Dungeon Overview and Level Annotations

Branches:
Dungeon (8/15)             Temple (0/1) D:7
   Lair: D:8-11

Altars:
Ashenzari
Qazlal
Sif Muna


Innate Abilities, Weirdness & Mutations

You reflexively headbutt those who attack you in melee.
You have a pair of horns on your head.


Message History

* * * LOW HITPOINT WARNING * * *
The eight-headed hydra bites you.
* * * LOW HITPOINT WARNING * * *
The eight-headed hydra bites you!
* * * LOW HITPOINT WARNING * * *
The eight-headed hydra bites you but does no damage.
The eight-headed hydra misses you.
The eight-headed hydra barely misses you.
The eight-headed hydra bites you.
* * * LOW HITPOINT WARNING * * *
The eight-headed hydra bites you but does no damage. x3
You hit the eight-headed hydra. You headbutt the eight-headed hydra!
The eight-headed hydra is almost dead.
Something hits you but does no damage.
The eight-headed hydra barely misses you.
The eight-headed hydra bites you but does no damage. x3
The eight-headed hydra bites you.
* * * LOW HITPOINT WARNING * * *
The eight-headed hydra bites you.
You die...

#....#####.......# ##
#....# ###.....####
#....# .#.....##..
####.####..#......#..
####...###......#..
#.†s...#...........
##.u#...###.....#...
#.{D# ##..#.........
##.@# #.....###. ##.#
#...###... ##.#####
#..#...... #....##.
#..#......
###..##.##..##.....
###.##...........
#.......####....
#.......#####...
#...#...........


You could see an eight-headed hydra, a brown ugly thing and a scorpion.

Vanquished Creatures
  Harold (D:8)
  A troll (D:7)
  Sigmund (D:5)
  An orc warrior (D:7)
  An ice beast (D:8)
  A necrophage (D:7)
  4 sky beasts
  2 ogres
  3 centaurs
  2 big kobolds (D:7)
  3 bullfrogs
  A water moccasin zombie (D:8)
  10 killer bees
  2 howler monkeys
  A bullfrog zombie (D:6)
  3 hounds
  5 orc wizards
  5 orc priests
  Crazy Yiuf (D:4)
  An iguana (D:4)
  4 worker ants
  A hound zombie (D:6)
  A hound skeleton (D:6)
  2 worker ant zombies
  17 gnolls
  9 adders
  A white imp (D:5)
  2 ufetubi
  An adder zombie (D:5)
  An adder skeleton (D:5)
  4 dart slugs
  9 leopard geckos
  16 orcs
  3 ball pythons
  7 bats
  3 giant cockroaches
  9 goblins
  4 hobgoblins
  10 jackals
  5 quokkas
  6 frilled lizards
  A jackal skeleton (D:2)
  12 kobolds
  7 rats
184 creatures vanquished.

Notes
Turn   | Place    | Note
-------+----------+-------------------------------------------
     0 | D:1      | Gnirx the Minotaur Berserker began the quest for the Orb.
     0 | D:1      | Reached XP level 1. HP: 19/19 MP: 0/0
   202 | D:1      | Reached skill level 4 in Maces & Flails
   212 | D:1      | Reached XP level 2. HP: 16/27 MP: 1/1
   940 | D:2      | Reached XP level 3. HP: 31/33 MP: 2/2
  1111 | D:2      | You fall into a shaft and drop 1 floor!
  1117 | D:3      | Reached skill level 5 in Maces & Flails
  1185 | D:3      | Reached XP level 4. HP: 28/41 MP: 3/3
  1193 | D:3      | Reached ** piety under Trog
  1804 | D:2      | Reached skill level 6 in Maces & Flails
  2015 | D:2      | Reached XP level 5. HP: 41/47 MP: 4/4
  2265 | D:2      | Found a shimmering blue altar of Sif Muna.
  2488 | D:3      | Found a stormy altar of Qazlal.
  3048 | D:3      | Reached *** piety under Trog
  3193 | D:4      | Reached XP level 6. HP: 34/53 MP: 5/5
  3459 | D:4      | Reached skill level 7 in Maces & Flails
  3748 | D:4      | Found a runed translucent door.
  3749 | D:4      | Noticed Crazy Yiuf
  4003 | D:4      | Killed Crazy Yiuf
  4191 | D:5      | Entered Level 5 of the Dungeon
  4385 | D:5      | Noticed Sigmund
  4391 | D:5      | Killed Sigmund
  4470 | D:5      | Reached skill level 5 in Fighting
  4470 | D:5      | Reached XP level 7. HP: 60/61 MP: 6/6
  4540 | D:5      | Reached skill level 8 in Maces & Flails
  4596 | D:5      | Found a broken altar of Ashenzari.
  4822 | D:5      | Reached skill level 5 in Armour
  5165 | D:6      | Reached skill level 9 in Maces & Flails
  5381 | D:6      | Reached XP level 8. HP: 54/69 MP: 7/7
  5583 | D:6      | Reached **** piety under Trog
  5828 | D:7      | Noticed a troll
  5839 | D:7      | Killed a troll
  5840 | D:7      | Reached skill level 10 in Maces & Flails
  6086 | D:7      | Reached skill level 11 in Maces & Flails
  6126 | D:7      | Found a staircase to the Ecumenical Temple.
  6265 | D:7      | Reached XP level 9. HP: 74/75 MP: 8/8
  7218 | D:6      | Reached skill level 12 in Maces & Flails
  7720 | D:8      | Reached ***** piety under Trog
  7944 | D:8      | Noticed Harold
  7963 | D:8      | Killed Harold
  7964 | D:8      | Reached skill level 13 in Maces & Flails
  8400 | D:8      | Reached XP level 10. HP: 82/86 MP: 9/9
  8646 | D:8      | Noticed an eight-headed hydra
  8652 | D:8      | Noticed a brown ugly thing
  8662 | D:8      | HP: 4/86 [eight-headed hydra (3)]
  8662 | D:8      | Slain by an eight-headed hydra

Illustrated notes

Levels and vault maps discovered:
D:1:      dpeg_arrival_rooms_b, layout_loops_ring
D:2:      layout_rooms, nicolae_overflow_hidden_temple,
          wander_ebering_terrifying_dragon_lair
D:3:      kennysheep_six_static_rooms, layout_loops_ring,
          overflow_temple_1_default
D:4:      layout_loops_ring, uniq_crazy_yiuf_cottage
D:5:      layout_loops_cross, ashenzari_altar_1, uniq_sigmund
D:6:      layout_cave_pools, ebering_dispersal_statue_hall
D:7:      layout_rooms, minmay_temple_entry_glassed_door
D:8:      minmay_blocky_corners, layout_cave_pools, uniq_harold

Skill      XL: |  1  2  3  4  5  6  7  8  9 |
---------------+----------------------------+-----
Maces & Flails | 4 5 6 7 9 11 13 | 13.3
Fighting       | 4 5 6 7 |  7.5
Armour         | 3 4 5 6 8 |  8.5
Dodging        | 3 |  3.7

Action                   |  1- 3 |  4- 6 |  7- 9 | 10-12 || total
-------------------------+-------+-------+-------+-------++-------
Melee: Mace              |    57 |   106 |       |       ||   163
       Headbutt          |     9 |    29 |    56 |     6 ||   100
       Flail             |       |    27 |   271 |    28 ||   326
Invok: Berserk           |       |     2 |     3 |     1 ||     6
  Use: Scroll            |       |    10 |     5 |       ||    15
       Potion            |       |       |     1 |       ||     1
Armor: Animal skin       |     2 |       |       |       ||     2
       Chain mail        |    28 |   118 |    69 |       ||   215
       Plate armour      |       |       |    95 |    40 ||   135
Dodge: Dodged            |    41 |    71 |   151 |    20 ||   283
